 Dungeon Crawl Stone Soup version 0.30.1 (webtiles) character file.

Game seed: 16069649084320717818

4904 Fodor the Carver (level 10, -5/88 HPs)
             Began as a Minotaur Fighter on July 12, 2023.
             Was an Initiate of Gozag.
             Slain by a death knight
             ... wielding a +3 battleaxe
              (10 damage)
             ... on level 8 of the Dungeon.
             The game lasted 00:34:59 (6932 turns).

Fodor the Carver (Minotaur Fighter)                 Turns: 6932, Time: 00:35:01

Health: -5/88      AC: 16    Str: 25    XL:     10   Next: 27%
Magic:  0/6        EV: 10    Int:  7    God:    Gozag
Gold:   592        SH:  7    Dex: 13    Spells: 9/9 levels left

rFire   . . .        I - +10 falchion of Ointment {antimagic, rElec}
rCold   . . .        s - +1 buckler of Death Resistance {Drain rN+++ Int+2 Dex+3}
rNeg    + + +        e - +0 chain mail
rPois   .            (helmet restricted)
rElec   +            n - +0 cloak
rCorr   +            (no gloves)
SInv    .            (no boots)
Will    .....        m - amulet of guardian spirit Stlth
                     k - +4 ring of protection
HPRegen 0.34/turn    r - ring of Polytheism {+Blink rElec rCorr MP+9}
MPRegen 0.10/turn

%: guardian spirit
@: gold aura
A: horns 2, retaliatory headbutt
a: Renounce Religion, Evoke Blink, Potion Petition, Call Merchant, Bribe Branch


You were on level 8 of the Dungeon.
You worshipped Gozag.
Gozag was pleased with you.
You visited 2 branches of the dungeon, and saw 9 of its levels.
You also visited: Ossuary.

You collected 736 gold pieces.
You paid 144 gold pieces to Gozag.

Inventory:

Hand Weapons
 I - the +10 falchion of Ointment (weapon) {antimagic, rElec}
   (You found it on level 5 of the Dungeon)

   rElec:     It insulates you from electricity.
 K - a +0 shortbow
 N - the +8 long sword "Odugorch" {spect, rPois rC++ Int+3}
   (You found it on level 7 of the Dungeon)

   Int:       It affects your intelligence (+3).
   rC:        It greatly protects you from cold.
   rPois:     It protects you from poison.
Missiles
 u - 2 atropa-tipped darts
 v - 6 poisoned darts
Armour
 e - a +0 chain mail (worn)
 n - a +0 cloak (worn)
 s - the +1 buckler of Death Resistance (worn) {Drain rN+++ Int+2 Dex+3}
   (You found it on level 3 of the Dungeon)

   Int:       It affects your intelligence (+2).
   Dex:       It affects your dexterity (+3).
   rN:        It renders you almost immune to negative energy.
   Drain:     It drains your maximum health when unequipped.
Jewellery
 b - a ring of see invisible
 j - a ring of fire
 k - a +4 ring of protection (left hand)
 m - an amulet of guardian spirit (around neck)
 r - the ring of Polytheism (right hand) {+Blink rElec rCorr MP+9}
   (You found it on level 3 of the Dungeon)

   [ring of resist corrosion]

   rElec:     It insulates you from electricity.
   MP:        It affects your magic capacity (+9).
   +Blink:    It lets you blink.
   rCorr:     It protects you from acid and corrosion.
 E - a ring of positive energy
 G - a ring of ice
Wands
 J - a wand of polymorph (11)
Scrolls
 h - 3 scrolls of teleportation
 o - 2 scrolls of fog
 p - a scroll of fear {unknown}
 t - 4 scrolls of poison
 w - a scroll of acquirement
 x - 3 scrolls of blinking
 y - a scroll of brand weapon {unknown}
 z - a scroll of vulnerability {unknown}
 C - 2 scrolls of magic mapping
 F - 2 scrolls of enchant armour {unknown}
 H - a scroll of enchant weapon {unknown}
 L - a scroll of noise {unknown}
Potions
 a - a potion of lignification {unknown}
 c - a potion of invisibility {unknown}
 d - 2 potions of might
 f - 3 potions of curing {unknown}
 g - 2 potions of brilliance {unknown}
 i - a potion of ambrosia {unknown}
 l - 3 potions of mutation
 q - 2 potions of attraction {unknown}
 A - 2 potions of flight {unknown}
 B - 2 potions of heal wounds {unknown}
 D - 2 potions of degeneration {unknown}
 M - a potion of resistance {unknown}


   Skills:
 + Level 7.7 Fighting
 + Level 10.1 Long Blades
 + Level 5.7 Maces & Flails
 + Level 2.1 Ranged Weapons
 + Level 9.4 Armour
 + Level 3.3 Dodging
 + Level 0.5 Stealth
 + Level 8.2 Shields


You had 9 spell levels left.
You didn't know any spells.
Your spell library contained the following spells:

 Spells                   Type           Power      Damage    Failure   Level
 Freeze                   Ice            0%         1d3       92%         1
 Ensorcelled Hibernation  Hex/Ice        0%         N/A       98%         2
 Passwall                 Tmut/Erth      0%         N/A       98%         2
 Call Canine Familiar     Summ           0%         N/A       100%        3
 Frozen Ramparts          Ice            0%         1d1       100%        3
 Hailstorm                Conj/Ice       0%         3d3       100%        3
 Portal Projectile        Hex/Tloc       0%         N/A       100%        3
 Swiftness                Air            0%         N/A       100%        3
 Tukima's Dance           Hex            0%         N/A       100%        3
 Leda's Liquefaction      Hex/Erth       0%         N/A       100%        4
 Blade Hands              Tmut           0%         N/A       100%        5
 Haunt                    Necr/Summ      0%         N/A       100%        7
 Infestation              Necr           0%         N/A       100%        8
 Animate Dead             Necr           Unusable   N/A       N/A         4

Dungeon Overview and Level Annotations

Branches:
Dungeon (8/15)             Temple (1/1) D:7         Ossuary (visited)
   Lair: D:8-11

Altars:
Elyvilon
Fedhas
Gozag
Hepliaklqana
Makhleb
Nemelex Xobeh
Qazlal
Sif Muna
Uskayaw
Vehumet
Wu Jian
Zin
The Shining One


Innate Abilities, Weirdness & Mutations

You have a pair of horns on your head.
You reflexively headbutt those who attack you in melee.


Message History

You slash the red ugly thing!
The red ugly thing is heavily wounded.
The red ugly thing tail-slaps you but does no damage.
You hit the red ugly thing but do no damage.
Your headbutt misses the red ugly thing.
The red ugly thing is heavily wounded.
You slice the red ugly thing!!
The red ugly thing is severely wounded.
The red ugly thing tail-slaps you!
You are engulfed in flames!
You hit the red ugly thing but do no damage.
You headbutt the red ugly thing.
The red ugly thing is almost dead.
You block the red ugly thing's attack.
You barely miss the red ugly thing.
The red ugly thing is almost dead.
The red ugly thing closely misses you.
You slash the red ugly thing!
The red ugly thing is almost dead.
You block the red ugly thing's attack.
You hit the red ugly thing.
You kill the red ugly thing!
Your Long Blades skill increases to level 10!
The death knight barely misses you. You furiously retaliate!
You headbutt the death knight. You block the cyclops's attack.
There is an open translucent door, spattered with blood here.
You see here 8 gold pieces.
You hit the death knight but do no damage.
The death knight is lightly wounded.
The death knight offers itself to Yredelemnul, and fills with unholy energy.
The cyclops hits you!!
* * * LOW HITPOINT WARNING * * *
You completely miss the death knight.
The death knight is lightly wounded.
The death knight hits you with a +3 battleaxe!
* * * LOW HITPOINT WARNING * * *
You hit the death knight but do no damage.
The death knight is lightly wounded.
The death knight hits you with a +3 battleaxe!
You die...
Your body crumbles into a pile of gold.

##.# ##....# #.♣ ##.#.#
##.#.# #.♣ ##)###.#
###.# #.♣ ##.)#(#..# #.#
#.. ##..##!##..# #.# ###
#...#$.$#..)# #.######.
##..##...# ..# #)#......
#.####Cp.# ##.##)#.####.
#.# ###@### #.##.#....#.
#.# #.....# #.##.####.#.
#.# #..⌠..# #.##....#.#.
$ #.# #.....#
#.#####.#.#. #.# #.....#
#.# #.#.#. #.# #..⌠..#
#.# #.#...
#.###.....###.#...#.##..
##.####.####)##...#.....
.##.###.###)##..........


You could see a death knight (reflects damage) and a cyclops.

Vanquished Creatures
  Erica (D:8)
  An ugly thing (D:8)
  The ghost of Pepete the Magician, an amateur DEFE of Gozag (D:6)
  A wraith (Ossuary)
  A steam dragon (D:7)
  A water moccasin (D:5)
  2 black bears
  2 sky beasts
  2 ice beasts (D:6)
  3 orc warriors
  2 centaurs (D:6)
  An ogre (D:5)
  A kobold brigand (D:8)
  An elf zombie (Ossuary)
  3 bullfrogs
  2 scorpions
  8 wights
  5 killer bees (D:7)
  3 howler monkeys (D:7)
  7 hounds
  4 jellies
  7 orc priests
  A gnoll bouda (D:6)
  5 iguanas
  5 orc wizards
  3 mummies (Ossuary)
  7 gnolls
  9 adders
  A shadow imp (D:8)
  5 white imps
  2 ufetubi (D:5)
  A worm (D:3)
  3 dart slugs
  13 orcs
  3 bats
  6 endoplasms
  3 giant cockroaches
  9 goblins
  8 hobgoblins
  4 jackals (D:3)
  4 quokkas
  9 ball pythons
  2 goblin zombies (Ossuary)
  4 hobgoblin zombies (Ossuary)
  11 kobolds
  4 kobold zombies (Ossuary)
  6 rats
187 creatures vanquished.

Notes
Turn   | Place    | Note
-------+----------+-------------------------------------------
     0 | D:1      | Fodor the Minotaur Fighter began the quest for the Orb.
     0 | D:1      | Reached XP level 1. HP: 19/19 MP: 0/0
   108 | D:1      | Reached XP level 2. HP: 27/27 MP: 1/1
   294 | D:1      | Reached skill level 3 in Long Blades
   534 | D:1      | Reached XP level 3. HP: 33/33 MP: 2/2
   806 | D:2      | Found a faded altar of an unknown god.
  1170 | D:3      | Found a glowing golden altar of the Shining One.
  1200 | D:3      | Identified the ring of Polytheism {+Blink rElec rCorr MP+9}
  1215 | D:3      | Identified the +1 buckler of Death Resistance {Drain rN+++
                  | Int+2 Dex+3}
  1510 | D:3      | Reached skill level 4 in Long Blades
  1510 | D:3      | Reached XP level 4. HP: 40/40 MP: 3/3
  1563 | D:3      | Found a hazy altar of Hepliaklqana.
  2123 | D:3      | Reached skill level 1 in Dodging
  2356 | D:4      | Found a sand-covered staircase.
  2357 | D:4      | Noticed a bullfrog
  2361 | D:4      | Reached skill level 1 in Maces & Flails
  2361 | D:4      | Reached skill level 1 in Ranged Weapons
  2361 | D:4      | Reached XP level 5. HP: 46/46 MP: 4/4
  2376 | D:4      | Reached skill level 5 in Armour
  2394 | D:4      | Reached XP level 6. HP: 52/52 MP: 5/5
  2427 | Ossuary  | Entered an ossuary
  2427 | Ossuary  | Noticed a wraith
  2427 | Ossuary  | Noticed a wraith
  2427 | Ossuary  | Noticed a wraith
  2563 | Ossuary  | Noticed a wraith
  2577 | Ossuary  | Killed a wraith
  2862 | Ossuary  | Reached XP level 7. HP: 58/60 MP: 6/6
  3309 | D:4      | Found a radiant altar of Vehumet.
  3409 | D:5      | Entered Level 5 of the Dungeon
  3488 | D:5      | Found an ornate altar of the Wu Jian Council.
  3527 | D:5      | Identified the +10 falchion of Ointment {antimagic, rElec}
  3613 | D:5      | Reached skill level 5 in Maces & Flails
  3845 | D:5      | Reached skill level 5 in Fighting
  4036 | D:5      | Reached XP level 8. HP: 68/68 MP: 5/7
  4039 | D:5      | Reached skill level 5 in Shields
  4281 | D:6      | Reached skill level 5 in Long Blades
  4342 | D:6      | Identified a scroll of acquirement
  4765 | D:6      | Reached skill level 6 in Long Blades
  5336 | D:6      | Reached skill level 7 in Long Blades
  5340 | D:6      | Reached XP level 9. HP: 72/75 MP: 5/8
  5421 | D:6      | Found a runed translucent door.
  5433 | D:6      | Noticed Pepete's ghost (amateur DEFE)
  5448 | D:6      | Killed Pepete's ghost
  5607 | D:7      | Found a stormy altar of Qazlal.
  5724 | D:7      | Reached skill level 8 in Long Blades
  5781 | D:7      | Identified the +8 long sword "Odugorch" {spect, rPois rC++
                  | Int+3}
  5789 | D:7      | Found a staircase to the Ecumenical Temple.
  5803 | Temple   | Entered the Ecumenical Temple
  5857 | Temple   | Became a worshipper of Gozag Ym Sagoz the Greedy
  5979 | D:7      | Identified the +2 mace of Balance {flame, Drain Int+6}
  6232 | D:7      | Found a glowing silver altar of Zin.
  6536 | D:8      | Found a shimmering blue altar of Sif Muna.
  6536 | D:8      | Found a blossoming altar of Fedhas.
  6624 | D:8      | Reached skill level 9 in Long Blades
  6634 | D:8      | Found a white marble altar of Elyvilon.
  6787 | D:8      | Noticed Erica
  6800 | D:8      | Killed Erica
  6801 | D:8      | Reached XP level 10. HP: 70/86 MP: 4/9
  6907 | D:8      | Found a runed translucent door.
  6908 | D:8      | Noticed a cyclops
  6908 | D:8      | Noticed a red ugly thing
  6910 | D:8      | Noticed a death knight
  6928 | D:8      | Killed a red ugly thing
  6929 | D:8      | Reached skill level 10 in Long Blades
  6931 | D:8      | HP: 4/88 [death knight/+3 battleaxe (10)]
  6932 | D:8      | Slain by a death knight

Illustrated notes

Levels and vault maps discovered:
D:1:      scummos_arrival_forest, layout_loops_cross, minmay_misc_feat_roman
D:2:      layout_rooms, ebering_ecumenical_altar_ruins
D:3:      layout_basic, tso_altar, nicolae_hepliaklqana_hippocampus
D:4:      layout_rooms, lemuel_crystal_altar, nicolae_ossuary_entry_monument
D:5:      layout_loops_ring, nicolae_wu_jian_glorious_leap
D:6:      layout_layer_cave, ebering_ghost_sewer_d, kennysheep_small_square
D:7:      layout_basic, mainiacjoe_overflow_alcove_2,
          nicolae_overflow_crystal_walls, minmay_temple_entry_tees,
          serial_glass, glass_columns_b, glass_columns_b
D:8:      layout_basic, gammafunk_temple_overflow_pools,
          mainiacjoe_overflow_alcove_4, nicolae_dithmenos_the_darkroom,
          glass_columns_a, st_stairs_6, kennysheep_pointless_box, wad_hexagon,
          uniq_maggie, uniq_erica, uniq_amaemon
Temple:   minmay_temple_curvy_loop

Skill      XL: |  1  2  3  4  5  6  7  8  9 10 |
---------------+-------------------------------+-----
Armour         | 4 5 6 7 9 |  9.4
Long Blades    | 3 4 7 9 10 | 10.1
Shields        | 4 6 8 |  8.2
Fighting       | 4 5 6 7 |  7.7
Dodging        | 1 2 3 |  3.3
Maces & Flails | 1 2 3 5 |  5.7
Ranged Weapons | 1 2 |  2.1
Stealth        | |  0.5

Action                     |  1- 3 |  4- 6 |  7- 9 | 10-12 || total
---------------------------+-------+-------+-------+-------++-------
  Melee: Long sword        |    60 |       |       |       ||    60
         Headbutt          |    13 |    21 |    63 |     5 ||   102
         Whip              |    33 |   112 |    38 |       ||   183
         Falchion          |       |       |   232 |    41 ||   273
   Fire: Sling             |       |     6 |       |       ||     6
    Use: Scroll            |       |       |     8 |       ||     8
 Armour: Chain mail        |    57 |    48 |   133 |    11 ||   249
         Scale mail        |     4 |       |       |       ||     4
  Dodge: Dodged            |    39 |    28 |   105 |     7 ||   179
  Block: Buckler           |    31 |    15 |    83 |     5 ||   134
